 Dungeon Crawl Stone Soup version 0.25-a0-424-g80bd347ae0 (webtiles) character file.

Game seed: 486305879124065806, levelgen mode: deterministic

69 Kohma the Changer (level 4, -4/38 HPs)
             Began as a Naga Transmuter on Jan 23, 2020.
             Slain by Natasha (6 damage)
             ... on level 2 of the Dungeon.
             The game lasted 00:03:48 (1739 turns).

Kohma the Changer (Naga Transmuter)                 Turns: 1739, Time: 00:03:48

Health: -4/38      AC:  2    Str: 12    XL:     4   Next: 20%
Magic:  0/7        EV: 10    Int: 15    God:
Gold:   108        SH:  0    Dex: 11    Spells: 1/7 levels left

rFire    . . .     SeeInvis +     - Unarmed
rCold    . . .     Gourm    .   (no shield)
rNeg     . . .     Faith    .   b - +0 robe
rPois    +         Spirit   .   (no helmet)
rElec    .         Reflect  .   (no cloak)
rCorr    .         Harm     .   (no gloves)
MR       .....                  (no barding)
Stlth    +.........             (no amulet)
HPRegen  0.12/turn              (no ring)
MPRegen  0.10/turn              (no ring)

@: very slightly contaminated, very slow
A: large, see invisible, deformed body, poison resistance, slowness 2, slow
metabolism 1, spit poison 1, AC +1
a: Spit Poison


You were on level 2 of the Dungeon.
You were hungry.

You visited 1 branch of the dungeon, and saw 2 of its levels.

You collected 108 gold pieces.

Inventory:

Missiles
 a - 59 arrows
 i - 16 poisoned darts (quivered)
Armour
 b - a +0 robe (worn)
Scrolls
 c - a scroll of random uselessness {unknown}
 f - a scroll of teleportation {unknown}
 g - 6 scrolls of identify {unknown}
 h - a scroll of blinking {unknown}
 k - a scroll of enchant weapon {unknown}
Potions
 e - 2 potions of brilliance {unknown}
Comestibles
 d - 4 rations
 j - 5 chunks of flesh


   Skills:
 - Level 1.0 Fighting
 - Level 1.5 Dodging
 - Level 3.0 Unarmed Combat
 - Level 2.0 Spellcasting
 + Level 4.3 Transmutations


You had one spell level left.
You knew the following spells:

 Your Spells              Type           Power        Failure   Level  Hunger
a - Beastly Appendage     Tmut           ##....       3%          1    #......
b - Sticks to Snakes      Tmut           ##......     5%          2    ###....
c - Spider Form           Tmut/Pois      #.........   26%         3    ###....

Your spell library contained the following spells:

 Spells                   Type           Power        Failure   Level  Hunger
 Ice Form                 Ice/Tmut       #.......     65%         4    #####..
 Blade Hands              Tmut           ##........   71%         5    ######.


Dungeon Overview and Level Annotations

Branches:
Dungeon (2/15)

Altars:

Annotations:
D:2 Natasha


Innate Abilities, Weirdness & Mutations

You cannot wear boots.
Your serpentine skin is tough. (AC +1)
You have supernaturally acute eyesight. (SInv)
Armour fits poorly on your strangely shaped body.
Your system is resistant to poisons. (rPois)
You cover ground very slowly.
You have a slow metabolism.
You can spit poison.


Message History

Natasha casts a spell.
You hit Natasha but do no damage.
Natasha is heavily wounded.
Natasha claws you.
You barely miss Natasha.
Natasha is heavily wounded.
Natasha claws you.
* * * LOW HITPOINT WARNING * * *
You hit Natasha.
Natasha is heavily wounded.
Natasha closely misses you.
You closely miss Natasha.
Natasha is heavily wounded.
Natasha claws you!
* * * LOW HITPOINT WARNING * * *
You closely miss Natasha.
Natasha is heavily wounded.
The shadow imp gestures at you.
You struggle to resist.
Natasha claws you.
You die...

###...#..# .#
?.###>...##..#
........## #
#.####..# #.
#.(# #...##..#
#...55#
#.5##h#
#...@.#
##w##.# #.
.... .$ ......
.. ........#
.# ........#
#######.## .#


You could see a worm, Natasha, a crimson imp and a shadow imp.

Vanquished Creatures
  Natasha (D:2)
  An ooze (D:1)
  2 dart slugs (D:1)
  A giant cockroach (D:1)
  A goblin (D:1)
  3 hobgoblins (D:1)
  9 jackals
  4 kobolds (D:1)
  A ball python (D:1)
  2 bats (D:1)
  A frilled lizard (D:1)
  6 rats (D:1)
32 creatures vanquished.

Vanquished Creatures (collateral kills)
  A goblin (D:1)
1 creature vanquished.

Grand Total: 33 creatures vanquished

Notes
Turn   | Place    | Note
-------+----------+-------------------------------------------
     0 | D:1      | Kohma the Naga Transmuter began the quest for the Orb.
     0 | D:1      | Reached XP level 1. HP: 18/18 MP: 3/3
   239 | D:1      | Reached XP level 2. HP: 22/25 MP: 3/5
   275 | D:1      | Reached skill level 3 in Transmutations
   776 | D:1      | Learned a level 2 spell: Sticks to Snakes
   951 | D:1      | Reached XP level 3. HP: 26/31 MP: 4/6
  1580 | D:2      | Learned a level 3 spell: Spider Form
  1701 | D:2      | Noticed Natasha
  1712 | D:2      | Killed Natasha
  1712 | D:2      | Reached skill level 4 in Transmutations
  1712 | D:2      | Reached XP level 4. HP: 24/38 MP: 3/7
  1723 | D:2      | Noticed Natasha
  1739 | D:2      | Slain by Natasha

Levels and vault maps discovered:
D:1:      psy_arrival_terrarium, layout_basic
D:2:      layout_rooms, nicolae_ru_sacrificial_ziggurat, marbit_many_paths,
          okawaru_metal_pillars_1_2, minmay_domino_4, uniq_natasha

Skill      XL: |  1  2  3 |
---------------+----------+-----
Transmutations | 3 4 |  4.3
Fighting       | |  1.0
Dodging        | |  1.5
Unarmed Combat | |  3.0
Spellcasting   | |  2.0

Action                   |  1- 3 |  4- 6 || total
-------------------------+-------+-------++-------
Melee: Unarmed           |   113 |     8 ||   121
       Headbutt          |    13 |       ||    13
 Cast: Beastly Appendage |    21 |       ||    21
       Spider Form       |     2 |       ||     2
       Sticks to Snakes  |     1 |       ||     1
  Eat: Chunk             |     2 |       ||     2
Armor: Robe              |    13 |       ||    13
       Skin              |     4 |       ||     4
Dodge: Dodged            |    78 |     2 ||    80

Table legend:
 A = Non-vault XP
 B = Vault XP
 C = Vault XP percentage of total XP
 D = Non-vault monster count
 E = Vault monster count
 F = Vault count percentage of total count
                 A         B        C        D         E       F
            +---------+---------+-------+---------+---------+-------
      Total |      63 |      36 |  36.4 |      32 |       1 |   3.0
            +---------+---------+-------+---------+---------+-------
        D:1 |      55 |       0 |   0.0 |      28 |       0 |   0.0
        D:2 |       8 |      36 |  81.8 |       4 |       1 |  20.0
            +---------+---------+-------+---------+---------+-------
